 Adventure DCSS version bcrawl-1.18.1 (webtiles) character file.

Game seed: 12532008596996852303

574 Leeroy the Carver (level 7, -1/46 HPs)
             Began as a Skeleton Reaver on Nov 11, 2019.
             Was a Believer of Vehumet.
             Slain by a porcupine (9 damage)
             ... on level 6 of the Dungeon.
             The game lasted 00:18:56 (8623 turns).

Leeroy the Carver (Skeleton Reaver)                 Turns: 8623, Time: 00:18:57

Health: -1/46      AC:  8    Str: 18      XL:     7   Next: 12%
Magic:  0/11       EV: 11    Int: 12 (13) God:    Vehumet [**....]
Gold:   516        SH:  0    Dex:  7 (8)  Spells: 5/12 levels left
                                        Lives:  0   Deaths: 2

rFire    + . .     SeeInvis .   y - +1 war axe (freeze)
rCold    + + .     Gourm    .   (no shield)
rNeg     + + +     Faith    .   b - +0 steam dragon scales
rPois    ∞         Spirit   +   (no helmet)
rElec    .         Reflect  .   u - scarf {rC+ rF+}
rCorr    .         Harm     .   (no gloves)
MR       +....                  z - +1 pair of boots
Stlth    +.........             (no amulet)
HPRegen  0.15/turn              A - -2 ring of evasion (curse)
MPRegen  0.12/turn              j - +1 ring of evasion

@: no status effects
A: no food or potions, cold resistance 1, deterioration 1, negative energy
resistance 3, powered by death 1, torment resistance, unbreathing, magic shield,
sturdy frame 1, spell healing
a: Renounce Religion


You were on level 6 of the Dungeon.
You worshipped Vehumet.
Vehumet was pleased with you.
You were not hungry.

You visited 1 branch of the dungeon, and saw 8 of its levels.

You collected 516 gold pieces.

Inventory:

Hand Weapons
 a - a +0 long sword
 k - a +0 short sword
 m - a cursed -3 whip
 r - a +0 hunting sling
 x - a cursed -1 club
 y - a +1 war axe of freezing (weapon)
 D - a +2 flail of draining
 F - a +0 rapier
 I - a +0 halberd
Missiles
 h - 63 needles of confusion
 p - 1070 arrows
 s - 265 sling bullets
 t - 179 tomahawks (quivered)
 B - 96 poisoned needles
Armour
 b - +0 steam dragon scales (worn)
 i - a +0 pair of boots
 u - a scarf of resistance (worn)
 z - a +1 pair of boots (worn)
 H - a +2 scale mail of magic resistance
Jewellery
 j - a +1 ring of evasion (right hand)
 l - an uncursed ring of insulation
 o - an uncursed ring of positive energy
 A - a cursed -2 ring of evasion (left hand)
 G - an uncursed ring of protection from cold {unknown}
Wands
 n - a wand of iceblast (6)
 v - a wand of polymorph (7)
Scrolls
 c - 2 scrolls of immolation
 d - 4 scrolls of noise {unknown}
 e - a scroll of blinking {unknown}
 f - 5 scrolls of identify
 g - 3 scrolls of amnesia
 q - 2 scrolls of enchant weapon {unknown}
 w - a scroll of fear {unknown}
 C - a scroll of fog {unknown}
 E - 2 scrolls of enchant armour {unknown}


   Skills:
 - Level 6.3 Fighting
 - Level 8.3 Long Blades
 * Level 5.4 Armour
 + Level 3.4 Dodging
 - Level 3.0 Spellcasting
 - Level 2.0 Earth Magic


You had 5 spell levels left.
You knew the following spells:

 Your Spells              Type           Power        Failure   Level  Hunger
a - Sting                 Conj/Pois      #...         7%          1    N/A
b - Iskenderun's Battles  Conj/Chrm      #.......     82%         5    N/A
c - Sandblast             Erth           #.....       3%          1    N/A

Your spell library contained the following spells:

 Spells                   Type           Power        Failure   Level  Hunger


Dungeon Overview and Level Annotations

Branches:
Dungeon (8/12)               Lair (0/6) D:7
 Temple: D:4-7          Orc: D:8-11

Altars:
Ashenzari
Dithmenos
Makhleb
Nemelex Xobeh
Wu Jian
The Shining One


Innate Abilities, Weirdness & Mutations

You do not eat or drink.
You are immune to poison.
Your flesh is cold resistant. (rC+)
Your body sometimes deteriorates upon taking damage.
You are immune to negative energy. (rN+++)
You regenerate a little health from kills.
You are immune to unholy pain and torment.
You can survive without breathing.
When hurt, damage is shared between your health and your magic reserves.
Your movements are slightly less encumbered by armour. (ER -2)
Casting spells heals you.


Message History

The porcupine bites you but does no damage.
Casting: Sting (safe; 7% risk of failure)
Confirm with . or Enter, or press ? or * to list all spells.
Aiming: Sting (safe; 7% risk of failure)
Press: ? - help, Shift-Dir - straight line, f - porcupine
Aim: a porcupine (moderately wounded)
The sting hits the porcupine.
The porcupine appears unharmed.
The porcupine is moderately wounded.
The porcupine bites you but does no damage.
Casting: Sting (safe; 7% risk of failure)
Confirm with . or Enter, or press ? or * to list all spells.
Aiming: Sting (safe; 7% risk of failure)
Press: ? - help, Shift-Dir - straight line, f/p - porcupine
Aim: a porcupine (moderately wounded)
The sting hits the porcupine.
The porcupine is poisoned.
The porcupine is heavily wounded.
The porcupine bites you but does no damage.
The porcupine twitches its whiskers.
The porcupine bites you!
You die...

##...##....#..........##..####..#
#.....#....#..........##..####..#
#..!..#....#...#########.........
#######..[.#...##.....##.........
##...##....#..........##..###....
.........>.#..........##..#######
.....##+####................#
.....##...##................#
...........#...r@...........#
...........#...#########....#
##...##...##...##.....##....#
##...#######....#.....##...##
..........†>....#.....######
................'......#
...............##.....##
...............########
................#


You could see a porcupine.

Vanquished Creatures
  A phantom (D:3)
  2 ogres
  2 centaurs
  2 bullfrogs (D:6)
  A gnoll sergeant (D:5)
  A scorpion (D:7)
  A killer bee (D:8)
  3 crimson imps
  A jelly (D:5)
  2 bullfrog skeletons
  3 orc priests
  An iguana (D:5)
  3 worker ants
  A howler monkey skeleton (D:6)
  6 gnolls
  8 adders
  A shadow imp (D:5)
  2 adder skeletons
  3 worms
  2 dart slugs
  3 leopard geckos
  18 orcs
  A ball python (D:3)
  3 giant cockroaches
  2 goblins (D:2)
  7 hobgoblins
  3 jackals (D:2)
  5 kobolds
  5 quokkas
  3 bats
  7 frilled lizards
  7 rats
110 creatures vanquished.

Vanquished Creatures (others)
  A fungus (D:7)
1 creature vanquished.

Grand Total: 111 creatures vanquished

Notes
Turn   | Place    | Note
-------+----------+-------------------------------------------
     0 | D:1      | Leeroy the Skeleton Reaver began the quest for the Orb.
     0 | D:1      | Reached XP level 1. HP: 14/14 MP: 4/4
   174 | D:1      | Reached skill level 4 in Long Blades
   227 | D:1      | Reached XP level 2. HP: 19/19 MP: 6/6
   687 | D:2      | Found a glowing golden altar of the Shining One.
   695 | D:2      | Reached skill level 5 in Long Blades
   785 | D:2      | Reached * piety under Vehumet
   785 | D:2      | Offered knowledge of Sting by Vehumet.
   785 | D:2      | Reached XP level 3. HP: 22/23 MP: 5/7
   980 | D:2      | Learned a level 1 spell: Sting
  1010 | D:2      | Found a shattered altar of Ashenzari.
  1214 | D:3      | Noticed a phantom
  1560 | D:3      | Found a shadowy altar of Dithmenos.
  1713 | D:3      | Reached skill level 6 in Long Blades
  1713 | D:3      | Reached XP level 4. HP: 21/28 MP: 6/8
  1819 | D:3      | Noticed a centaur
  1848 | D:3      | Killed a centaur
  1848 | D:3      | Reached skill level 7 in Long Blades
  1848 | D:3      | Reached XP level 5. HP: 17/32 MP: 5/9
  2343 | D:3      | Learned a level 5 spell: Iskenderun's Battlesphere
  2634 | D:4      | Reached skill level 8 in Long Blades
  2805 | D:4      | Gained mutation: You regenerate a little health from kills.
                  | [Skeleton growth]
  2805 | D:4      | Reached XP level 6. HP: 32/37 MP: 8/10
  2960 | D:4      | Offered knowledge of Sandblast by Vehumet.
  2963 | D:4      | Learned a level 1 spell: Sandblast
  2973 | D:4      | Reached ** piety under Vehumet
  3011 | D:4      | Found a burning altar of Makhleb.
  3061 | D:3      | Reached skill level 1 in Armour
  3061 | D:3      | Reached skill level 1 in Earth Magic
  3825 | D:5      | Entered Level 5 of the Dungeon
  4024 | D:5      | Found an ornate altar of the Wu Jian Council.
  4026 | D:5      | Found a sparkling altar of Nemelex Xobeh.
  4102 | D:5      | Reached XP level 7. HP: 17/41 MP: 5/11
  4670 | D:5      | HP: 2/41 [something (6)]
  5829 | D:5      | HP: 2/42 [ogre/+0 giant club (14)]
  5840 | D:6      | Noticed a slime creature
  5840 | D:6      | Noticed a slime creature
  5840 | D:6      | Noticed a slime creature
  6234 | D:5      | Slain by a slime creature
  6235 | D:5      | Reached XP level 6. HP: -5/39 MP: 0/10
  6674 | D:6      | Reached skill level 5 in Fighting
  6674 | D:6      | Reached XP level 7. HP: 33/44 MP: 7/11
  7335 | D:8      | Noticed a purple ugly thing
  7386 | D:7      | HP: 2/45 [bullfrog (7)]
  7387 | D:7      | Found a staircase to the Lair.
  7395 | D:7      | Slain by a hippogriff
  7396 | D:7      | Reached XP level 6. HP: -1/41 MP: 0/10
  7399 | D:7      | Noticed a hippogriff
  7748 | D:6      | Noticed a slime creature
  8592 | D:6      | Reached skill level 5 in Armour
  8592 | D:6      | Reached XP level 7. HP: 43/46 MP: 11/11
  8623 | D:6      | Slain by a porcupine

Skill      XL: |  1  2  3  4  5  6  7 |
---------------+----------------------+-----
Long Blades    | 4 5 6 7 8 |  8.3
Armour         | 5 4 |  5.4
Earth Magic    | 2 |  2.0
Fighting       | 6 4 |  6.3
Dodging        | |  3.4
Spellcasting   | |  3.0

Action                   |  1- 3 |  4- 6 |  7- 9 || total
-------------------------+-------+-------+-------++-------
Melee: Long sword        |   146 |   176 |       ||   322
       War axe           |       |    88 |   132 ||   220
Throw: Tomahawk          |       |       |     2 ||     2
 Cast: Sting             |     3 |    14 |    37 ||    54
  Use: Scroll            |       |     5 |     4 ||     9
Armor: Steam dragon scal |    48 |    80 |    76 ||   204
Dodge: Dodged            |   101 |   194 |   123 ||   418
Block: Other             |       |     9 |       ||     9
